 Dungeon Crawl Stone Soup version 0.29.0 (webtiles) character file.

Game seed: 18319093413831014481

23 samcosmo the Magician (level 2, -1/15 HPs)
             Began as a Deep Elf Earth Elementalist on Sept 10, 2022.
             Slain by Natasha (8 damage)
             ... on level 2 of the Dungeon.
             The game lasted 00:01:52 (1060 turns).

samcosmo the Magician (Deep Elf Earth Elementalist) Turns: 1060, Time: 00:01:52

Health: -1/15      AC:  8    Str:  5    XL:     2   Next: 75%
Magic:  4/9        EV: 12    Int: 19    God:
Gold:   11         SH:  0    Dex: 15    Spells: 8/9 levels left

rFire   . . .      SeeInvis .   (no weapon)
rCold   . . .      Faith    .   (no shield)
rNeg    . . .      Spirit   .   a - +0 robe
rPois   .          Reflect  .   h - +2 hat
rElec   .          Harm     .   (no cloak)
rCorr   .          Rampage  .   (no gloves)
Will    .....                   (no boots)
Stlth   ++........              d - amulet of the acrobat
HPRegen 0.05/turn               c - +4 ring of slaying
MPRegen 0.11/turn               e - +4 ring of protection

@: no status effects
A: no striking features
a: no special abilities


You were on level 2 of the Dungeon.
You visited 1 branch of the dungeon, and saw 2 of its levels.

You collected 11 gold pieces.

Inventory:

Armour
 a - a +0 robe (worn)
 h - a +2 hat (worn)
Jewellery
 c - a +4 ring of slaying (left hand)
 d - an amulet of the acrobat (around neck)
 e - a +4 ring of protection (right hand)
Scrolls
 f - a scroll of vulnerability {unknown}
Potions
 b - a potion of magic
 g - a potion of heal wounds {unknown}


   Skills:
 - Level 2.4 Dodging
 - Level 2.4 Stealth
 * Level 4.2 Spellcasting
 - Level 1.1 Transmutations
 + Level 3.7 Earth Magic


You had 8 spell levels left.
You knew the following spells:

 Your Spells              Type           Power      Damage    Failure   Level
a - Sandblast             Erth           36%        2d10      3%          1

Your spell library contained the following spells:

 Spells                   Type           Power      Damage    Failure   Level
 Passwall                 Tmut/Erth      10%        N/A       8%          2
 Stone Arrow              Conj/Erth      22%        3d8       19%         3
 Petrify                  Tmut/Erth      13%        N/A       45%         4


Dungeon Overview and Level Annotations

Branches:
Dungeon (2/15)

Altars:

Annotations:
D:2 Natasha


Message History

A quokka comes into view.
Casting: Sandblast (safe; 3% risk of failure)
Confirm with . or Enter, or press ? or * to list all spells.
Aiming: Sandblast (safe; 3% risk of failure)
Press: ? - help, Shift-Dir - straight line, f/p - kobold
Aim: a kobold, wielding a +0 dagger (moderately wounded, 77% to hit)
The blast of sand hits the kobold!
You kill the kobold!
Natasha, Servant of Life and Death comes into view.
Casting: Sandblast (safe; 3% risk of failure)
Confirm with . or Enter, or press ? or * to list all spells.
Aiming: Sandblast (safe; 3% risk of failure)
Press: ? - help, Shift-Dir - straight line, f - quokka
Aim: a quokka (75% to hit)
The blast of sand hits the quokka.
The quokka is moderately wounded.
Casting: Sandblast (safe; 3% risk of failure)
Confirm with . or Enter, or press ? or * to list all spells.
Aiming: Sandblast (safe; 3% risk of failure)
Press: ? - help, Shift-Dir - straight line, f/p - quokka
Aim: a quokka (moderately wounded, 75% to hit)
The blast of sand hits the quokka.
You kill the quokka!
Natasha stares at you and mumbles some strange words.
The magic dart hits you!
Ouch! That really hurt!
Casting: Sandblast (safe; 3% risk of failure)
Confirm with . or Enter, or press ? or * to list all spells.
Aiming: Sandblast (safe; 3% risk of failure)
Press: ? - help, Shift-Dir - straight line, f - Natasha
Aim: Natasha (77% to hit)
The blast of sand misses Natasha.
Casting: Sandblast (safe; 3% risk of failure)
Confirm with . or Enter, or press ? or * to list all spells.
Aiming: Sandblast (safe; 3% risk of failure)
Press: ? - help, Shift-Dir - straight line, f/p - Natasha
Aim: Natasha (77% to hit)
The blast of sand misses Natasha.
Natasha claws you!
Ouch! That really hurt!
You die...

########
####...<..#
#..'......#
#.##......#
# #.@....#
#.h....#
###)..##
#...# ....#
##'## '# ..


You could see Natasha.

Vanquished Creatures
  2 endoplasms (D:1)
  4 goblins (D:1)
  A hobgoblin (D:1)
  4 jackals (D:1)
  2 quokkas
  A bat (D:1)
  4 kobolds
  2 rats (D:1)
20 creatures vanquished.

Notes
Turn   | Place    | Note
-------+----------+-------------------------------------------
     0 | D:1      | samcosmo the Deep Elf Earth Elementalist began the quest
                  | for the Orb.
     0 | D:1      | Reached XP level 1. HP: 10/10 MP: 6/6
    72 | D:1      | Reached XP level 2. HP: 15/15 MP: 0/8
   149 | D:1      | Found a faded altar of an unknown god.
   534 | D:1      | Reached skill level 4 in Spellcasting
  1056 | D:2      | Noticed Natasha
  1060 | D:2      | Slain by Natasha

Illustrated notes

Levels and vault maps discovered:
D:1:      psy_arrival_fountain, layout_loops_corners,
          shapermc_ecumenical_altar_mp_urbaneastern
D:2:      layout_basic, uniq_natasha

Skill      XL: |  1  2 |
---------------+-------+-----
Spellcasting   | 4 |  4.2
Dodging        | |  2.4
Stealth        | |  2.4
Transmutations | |  1.1
Earth Magic    | |  3.7

Action                   || total
-------------------------++-------
 Cast: Sandblast         ||    30
Armor: Robe              ||     1
Dodge: Dodged            ||     1
